 Dungeon Crawl Stone Soup version 0.23.1-37-gaa34b87b72 (webtiles) character file.

Game seed: 16661154901416564511

30 GGGomer the Charmwright (level 3, -5/28 HPs)
             Began as a Merfolk Skald on Mar 21, 2019.
             Slain by Sigmund
             ... wielding a +1 scythe of flaming
              (14 damage)
             ... on level 2 of the Dungeon.
             The game lasted 00:08:58 (1656 turns).

GGGomer the Charmwright (Merfolk Skald)             Turns: 1656, Time: 00:08:58

Health: -5/28      AC:  3    Str: 12    XL:     3   Next: 20%
Magic:  2/6        EV: 12    Int: 12    God:
Gold:   118        SH:  3    Dex: 13    Spells: 1/6 levels left

rFire    . . .     SeeInvis .   a - +0 spear
rCold    . . .     Gourm    .   f - +0 buckler
rNeg     . . .     Faith    .   b - +0 leather armour
rPois    .         Spirit   .   (no helmet)
rElec    .         Reflect  .   (no cloak)
rCorr    .         Harm     .   (no gloves)
MR       .....                  (no boots)
Stlth    +.........             (no amulet)
HPRegen  0.09/turn              (no ring)
MPRegen  0.10/turn              (no ring)

@: infused
A: change form in water, swift swim, stealthy swim
a: no special abilities


You were on level 2 of the Dungeon.
You were not hungry.

You visited 1 branch of the dungeon, and saw 2 of its levels.

You collected 118 gold pieces.

Inventory:

Hand Weapons
 a - a +0 spear (weapon)
Missiles
 c - 14 arrows
 g - 37 stones (quivered)
 l - 14 bolts
Armour
 b - a +0 leather armour (worn)
 f - a +0 buckler (worn)
 n - a +0 chain mail
Scrolls
 e - 2 scrolls of remove curse
 i - a scroll of teleportation
 m - a scroll of fog {unknown}
Potions
 h - a potion of flight
 j - a potion of degeneration {unknown}
Comestibles
 d - 3 rations
 k - a chunk of flesh


   Skills:
 + Level 2.4 Fighting
 + Level 3.5 Polearms
 + Level 0.7 Armour
 + Level 3.0 Dodging
 + Level 0.1 Stealth
 + Level 2.3 Spellcasting
 + Level 3.7 Charms


You had one spell level left.
You knew the following spells:

 Your Spells              Type           Power        Failure   Level  Hunger
a - Infusion              Chrm           ##..         12%         1    ##.....
b - Song of Slaying       Chrm           ##......     19%         2    ###....
c - Shroud of Golubria    Chrm/Tloc      #.........   36%         2    ###....

Your spell library contained the following spells:

 Spells                   Type           Power        Failure   Level  Hunger
 Regeneration             Chrm/Necr      #.........   61%         3    ####...
 Spectral Weapon          Hex/Chrm       #.......     61%         3    ####...


Dungeon Overview and Level Annotations

Branches:
Dungeon (2/15)

Altars:
Ashenzari
Kikubaaqudgha
Okawaru

Annotations:
D:2 Sigmund


Message History

Attack whom?
Press: ? - help, Dir - move target cursor, f/p - Sigmund
Aim: Sigmund, wielding a +1 scythe of flaming and wearing a +0 robe (lightly wounded)
You reach to attack!
You hit Sigmund.
Sigmund is moderately wounded.
Sigmund hits you from afar with a +1 scythe of flaming.
Sigmund burns you.
Attack whom?
Press: ? - help, Dir - move target cursor, f/p - Sigmund
Aim: Sigmund, wielding a +1 scythe of flaming and wearing a +0 robe (moderately wounded)
You reach to attack!
You barely miss Sigmund.
Sigmund is moderately wounded.
Attack whom?
Press: ? - help, Dir - move target cursor, f/p - Sigmund
Aim: Sigmund, wielding a +1 scythe of flaming and wearing a +0 robe (moderately wounded)
You reach to attack!
You closely miss Sigmund.
Sigmund is moderately wounded.
Sigmund hits you from afar with a +1 scythe of flaming!
Ouch! That really hurt!
You die...

.#.#...............
..............#######
#..#.#.#...)<.# # .
#..#.#.#.###### #
..##..... #.# ####### .
.......# #.# #......
#..##....###.######.#####
#.....#..........##.#####
#....@.@....###.........
#######.##.## #......#..
#.##.# #......#.# ..##.#
#...<.....
##.##.#####.....#.#
#.................
##########.#.#####
#.#...... #........


You could see Sigmund.

Vanquished Creatures
  A leopard gecko (D:1)
  A giant cockroach (D:1)
  3 goblins (D:1)
  2 hobgoblins (D:1)
  6 jackals (D:1)
  6 bats
  6 kobolds
  2 rats (D:2)
27 creatures vanquished.

Notes
Turn   | Place    | Note
-------+----------+-------------------------------------------
     0 | D:1      | GGGomer the Merfolk Skald began the quest for the Orb.
     0 | D:1      | Reached XP level 1. HP: 16/16 MP: 3/3
   341 | D:1      | Reached XP level 2. HP: 21/22 MP: 0/5
   345 | D:1      | Learned a level 2 spell: Song of Slaying
  1127 | D:1      | Reached XP level 3. HP: 28/28 MP: 2/6
  1130 | D:1      | Found a shattered altar of Ashenzari.
  1552 | D:2      | Learned a level 2 spell: Shroud of Golubria
  1592 | D:2      | Found an iron altar of Okawaru.
  1598 | D:2      | Found an ancient bone altar of Kikubaaqudgha.
  1643 | D:2      | Noticed Sigmund
  1656 | D:2      | Slain by Sigmund

Skill      XL: |  1  2 |
---------------+-------+-----
Dodging        | 3 |  3.0
Fighting       | |  2.4
Polearms       | |  3.5
Armour         | |  0.7
Stealth        | |  0.1
Spellcasting   | |  2.3
Charms         | |  3.7

Action                   || total
-------------------------++-------
Melee: Spear             ||    79
 Cast: Infusion          ||    16
  Use: Scroll            ||     3
  Eat: Chunk             ||     3
Armor: Leather armour    ||    26
Dodge: Dodged            ||    32
Block: Buckler           ||    10
